Cogmind - Beta 14 @@@ ROGUE MODE // 2024.11.13 @ 08:58:27 Player: Hinzy Result: Self-destructed Performance ------------- Evolutions (2) 1000 Regions Visited (7) 1400 Robots Destroyed (67) 335 Value Destroyed (1816) 1816 Prototype IDs (27) 540 Alien Tech Used (0) 0 Bonus (474) 474 TOTAL SCORE: 5565 Bonus ------- High Alert Combat Kills 227 Aligned with FarCom 300 Friendly Fire -53 Cogmind --------- Core Integrity 32/550 Matter 293/300 Energy 100/100 System Corruption 0% Temperature Cool (0) Movement Walking (120) Location -8/Materials Parts ------- > --- POWER (1) -------- (None) > --- PROPULSION (4) --- Aluminum Leg > --- UTILITY (4) ------ Advanced Heat Sink > --- WEAPON (2) ------- Mace > --- INVENTORY (5) ---- Improved Heat Sink High-capacity Battery (250) Mining Laser Peak State ------------ > --- POWER ------------ Light Angular Momentum Engine > --- PROPULSION ------- Flying Fortress v7 > --- UTILITY ---------- Advanced Heat Sink Small Storage Unit Visual Processing Unit Hacking Suite > --- WEAPON ----------- YOLO Cannon > --- INVENTORY -------- Light Nuclear Core Improved Heat Sink High-capacity Battery Experimental Sensor Array Mining Laser [Rating: 69] Favorites ----------- Power Light Ion Engine Engine Light Ion Engine Power Core Light Nuclear Core Propulsion Light Treads Treads Light Treads Leg Aluminum Leg Wheel Wheel Hover Unit Airjet Flight Unit Flying Fortress v7 Utility Hacking Suite Device Advanced Heat Sink Storage Large Storage Unit Processor Visual Processing Unit Hackware Hacking Suite Protection Light Armor Plating Weapon Light Cannon Energy Gun EM Pulse Gun Energy Cannon YOLO Cannon Ballistic Gun Assault Rifle Ballistic Cannon Light Cannon Launcher Mini Grenade Launcher Impact Weapon Mace Special Melee Weapon Datajack Build | -11 -10 -10 -9 -9 -9 -8 -8 ------- Run | Yrd Mat Min Mat Min Exi Min Mat Slots Evolved 4 | . . . 2 . . . 2 Power . | . . . . . . . . Propulsion 2 | . . . 2 . . . . Utility 2 | . . . . . . . 2 Weapon . | . . . . . . . . Parts Attached 62 | 8 5 13 13 3 3 3 14 Power 11 | 2 . 3 3 1 . 1 1 Engine 10 | 2 . 3 3 1 . 1 . Core 1 | . . . . . . . 1 Reactor . | . . . . . . . . Propulsion 16 | 2 . 3 4 1 1 . 5 Treads 5 | 2 . . . . . . 3 Leg 2 | . . . . . . . 2 Wheel 1 | . . 1 . . . . . Hover 2 | . . . 1 1 . . . Flight 6 | . . 2 3 . 1 . . Utility 15 | 2 2 3 . . . 2 6 Device 5 | 1 . 1 . . . 2 1 Storage 3 | 1 1 . . . . . 1 Processor 2 | . . . . . . . 2 Hackware 1 | . . 1 . . . . . Protection 4 | . 1 1 . . . . 2 Artifact . | . . . . . . . . Weapon 20 | 2 3 4 6 1 2 . 2 Energy Gun 1 | 1 . . . . . . . Energy Cannon 2 | . . . . . 2 . . Ballistic Gun 4 | 1 . 1 2 . . . . Ballistic Cannon 3 | . 2 1 . . . . . Launcher 6 | . 1 1 3 1 . . . Special Weapon . | . . . . . . . . Impact Weapon 2 | . . . . . . . 2 Slashing Weapon . | . . . . . . . . Piercing Weapon . | . . . . . . . . Special Melee Weapon 2 | . . 1 1 . . . . Unidentified Prototypes 4 | . . 1 3 . . . . Parts Lost 11 | . . 3 . . . . 8 Power 2 | . . 1 . . . . 1 Propulsion 6 | . . 1 . . . . 5 Utility 2 | . . 1 . . . . 1 Weapon 1 | . . . . . . . 1 Highest Loss Streak 6 | . . 3 . . . . 6 To Critical Strikes . | . . . . . . . . Average Slot Usage (%) 72 | . 99 90 98 93 63 55 53 Engine 10 | . 14 10 11 11 11 11 6 Treads 6 | . 28 16 . . . . 2 Flight 11 | . . 3 41 33 15 11 6 Device 7 | . . 1 11 11 11 11 4 Storage 4 | . 14 12 . . . . 4 Processor 1 | . . . . . . . 9 Hackware 7 | . . 1 11 11 11 11 6 Protection 4 | . 12 12 . . . . . Energy Cannon 5 | . . . . . 8 11 6 Ballistic Gun 1 | . 3 . 8 4 . . . Ballistic Cannon 7 | . 21 23 . . . . . Launcher 1 | . 2 1 2 6 2 . . Special Melee Weapon 1 | . . 1 10 11 2 . . Peak Build Rating 69 | 7 8 17 35 33 66 66 69 Average Rating 39 | 5 7 10 29 30 57 65 52 On Entrance 28 | . 7 8 17 33 32 65 66 Naked Turns 12 | . . . . . . . 12 Heaviest Build 34 | 14 32 34 12 12 22 28 33 Greatest Support 50 | 40 40 40 19 15 50 50 50 Greatest Overweight (x) 7 | . . 7 1 . 1 . 1 Average Overweight (x) . | . . . . . . . . Largest Inventory Capacity 15 | 8 15 15 5 5 5 5 8 Average Capacity 8 | 7 14 13 5 5 5 5 6 Most Carried 14 | 6 12 14 5 5 5 5 6 Average Carried 6 | 4 8 11 4 5 4 3 4 Final Capacity 15 | 8 15 5 5 5 5 5 5 Final Carried 12 | 6 12 5 5 5 3 5 3 Class Distribution -------------------- 81% | Mutant 13% | Sprinter 3% | Scavenger-Mutant Dominant Class ---------------- Mutant | -10/Materials Mutant | -10/Mines Sprinter | -9/Materials Sprinter | -9/Mines Mutant | -9/Exiles Mutant | -8/Mines Mutant | -8/Materials Resources | -11 -10 -10 -9 -9 -9 -8 -8 ----------- Run | Yrd Mat Min Mat Min Exi Min Mat Matter Collected 1355 | 282 201 355 . 295 . 124 98 Remotely . | . . . . . . . . Salvage Created 1881 | 213 185 228 44 55 . 505 651 Parts 133 | 22 16 13 6 9 . 40 27 Haulers Intercepted . | . . . . . . . . Recyclers Shooed 2 | . 2 . . . . . . Parts Field Recycled . | . . . . . . . . Retrieved Matter . | . . . . . . . . Parts Self-Destructed . | . . . . . . . . Prevented . | . . . . . . . . Kills | -11 -10 -10 -9 -9 -9 -8 -8 ------- Run | Yrd Mat Min Mat Min Exi Min Mat Combat Hostiles Destroyed 56 | . 6 12 1 4 . 20 13 Melee 3 | . . . . . . . 3 Guns 4 | . . . . 4 . . . Cannons 20 | . 6 5 . . . 4 5 AOE 28 | . . 7 1 . . 16 4 Classes Destroyed 13 | 2 3 1 2 . . 2 3 Worker 3 | . . . . . . 1 2 Builder 1 | . . . . . . . 1 Tunneler 6 | 5 . . . . . 1 . Recycler 5 | 1 1 2 . . . . 1 Operator 1 | . 1 . . . . . . Watcher 2 | . . . 1 . . . 1 Swarmer 18 | . 3 3 . 4 . 8 . Grunt 24 | . 3 2 . . . 11 8 Duelist 1 | . . . . . . 1 . Sentry 3 | . . . 1 . . . 2 Specialist 2 | . . . . . . . 2 Hunter 1 | . . . . . . . 1 Assembled 7 | . . 7 . . . . . Best Kill Streak 7 | 4 4 7 2 4 . 7 4 Combat Bots Only 7 | . 4 7 1 4 . 6 3 Max Kills in Single Turn 3 | 1 1 3 2 1 . 3 3 Gunslinging . | . . . . . . . . Exploded 3 | . . 3 1 . . 3 1 Melee 1 | . . . . . . . 1 Uniques/NPCs Destroyed . | . . . . . . . . Combat | -11 -10 -10 -9 -9 -9 -8 -8 -------- Run | Yrd Mat Min Mat Min Exi Min Mat Hostile Shots Fired 402 | . 39 43 4 20 3 30 263 Missed 145 | . 14 9 2 3 3 16 98 Damage Taken 3853 | . 224 568 27 130 . 350 2554 Core 716 | . 19 41 . 49 . 89 518 Absorbed by Shields . | . . . . . . . . Core Remaining (%) 80 | 100 . 76 . . . 65 . Volleys Fired 128 | 24 20 25 8 8 2 24 17 Largest 2 | 2 2 2 1 1 1 1 1 Hottest 100 | 60 70 70 33 23 100 100 100 Shots Fired 161 | 26 34 42 8 8 2 24 17 Gun 39 | 26 . . 5 8 . . . Cannon 114 | . 34 37 . . 2 24 17 Launcher 8 | . . 5 3 . . . . Special . | . . . . . . . . Kinetic 108 | 24 34 37 5 8 . . . Thermal 43 | . . . . . 2 24 17 Explosive 8 | . . 5 3 . . . . Electromagnetic 2 | 2 . . . . . . . Robot Hit Streak 7 | 5 5 7 3 2 3 3 3 Robot Miss Streak 6 | 4 4 4 3 2 1 6 3 Penetration Max . | . . . . . . . . Secondary Targets . | . . . . . . . . Shots Hit Robots 95 | 16 15 20 3 6 1 7 27 Core Hits 91 | 7 9 23 5 4 . 21 22 Critical Kills . | . . . . . . . . Critical Parts Destroyed 1 | . . . . . . . 1 Critical Strikes 2 | . . 1 . . . . 1 Blast 1 | . . 1 . . . . . Smash 1 | . . . . . . . 1 Melee Attacks 30 | . . . 3 1 . . 26 Impact 26 | . . . . . . . 26 Slashing . | . . . . . . . . Piercing . | . . . . . . . . Sneak Attacks 1 | . . . . 1 . . . Combat Hostiles 1 | . . . . 1 . . . Follow-up Attacks 3 | . . . . . . . 3 Damage Inflicted 6775 | 221 317 678 195 71 202 2449 2642 Guns 323 | 221 . . 31 71 . . . Cannons 2369 | . 317 348 . . 130 869 705 Explosions 3413 | . . 330 164 . 72 1580 1267 Melee 670 | . . . . . . . 670 Ramming . | . . . . . . . . Kinetic 962 | 195 317 348 31 71 . . . Thermal 4623 | . . . . . 202 2449 1972 Explosive 494 | . . 330 164 . . . . Electromagnetic 26 | 26 . . . . . . . Impact 670 | . . . . . . . 670 Slashing . | . . . . . . . . Piercing . | . . . . . . . . Highest Corruption 3 | . 2 2 3 3 3 3 . Average Corruption 2 | . 2 2 3 3 3 3 . Corruption Purged . | . . . . . . . . Corruption Blocked . | . . . . . . . . Effects 48 | . 8 12 . 3 4 21 . Message Errors 11 | . 2 2 . 1 1 5 . Matter Fused 12 | . 3 3 . 1 . 5 . Heat Flow Errors 9 | . 1 3 . 1 . 4 . Energy Discharges 3 | . . . . . . 3 . Data Loss (minor) 6 | . 1 2 . . 2 1 . Data Loss (major) 4 | . . . . . 1 3 . Misfires 1 | . . 1 . . . . . Alerts 1 | . . 1 . . . . . Weapon Failures 1 | . 1 . . . . . . Overload Shots . | . . . . . . . . Overflow Damage 629 | . . 25 36 . 52 420 96 Projectiles 433 | . . 23 . . 40 370 . Explosions 148 | . . 2 36 . 12 50 48 Melee 48 | . . . . . . . 48 Knockbacks 11 | . 4 6 . . . . 1 Impact 1 | . . . . . . . 1 Kinetic 10 | . 4 6 . . . . . Secondary . | . . . . . . . . Self-Inflicted Damage 443 | . . . . . . 200 243 Shots 7 | . . . . . . 3 4 Rammed . | . . . . . . . . Targets Rammed . | . . . . . . . . Kicked . | . . . . . . . . Crushed . | . . . . . . . . Highest Temperature 370 | . 194 260 370 217 72 147 230 Average Temperature 80 | . 65 80 142 84 36 39 103 Received Heat Transfer 960 | . 27 42 9 . . 45 837 Effects 3 | . . . 3 . . . . Interference 3 | . . . 3 . . . . Siege Activations . | . . . . . . . . Robots Corrupted 1 | . . . . . . . 1 Combat Hostiles 1 | . . . . . . . 1 Parts Fried 3 | . . . . . . . 3 Impact Corruptions 3 | . . . . . . . 3 Robots Melted . | . . . . . . . . Combat Hostiles . | . . . . . . . . Parts Melted 5 | . . . . . . 3 2 Heat Transferred 4560 | . . . . . 160 2400 2000 Parts Sabotaged . | . . . . . . . . Parts Stolen . | . . . . . . . . Parts Stripped . | . . . . . . . . Power Chain Reactions . | . . . . . . . . Alert | -11 -10 -10 -9 -9 -9 -8 -8 ------- Run | Yrd Mat Min Mat Min Exi Min Mat Peak Influence 897 | 30 243 87 126 159 . 466 897 Initial 166 | . 19 16 29 54 . . 166 Average 226 | 13 114 52 70 155 . 324 531 Maximum Alert Level 3 | . 1 . . . . 2 3 Low Security (%) 52 | 100 65 100 100 100 . 9 11 Level 1 24 | . 34 . . . . 52 13 Level 2 19 | . . . . . . 38 42 Level 3 4 | . . . . . . . 32 Level 4 . | . . . . . . . . Level 5 . | . . . . . . . . High Security . | . . . . . . . . Max Security . | . . . . . . . . Squads Dispatched 7 | . 2 . 1 . . . 4 Investigation 3 | . 1 . . . . . 2 Extermination . | . . . . . . . . Reinforcement 4 | . 1 . 1 . . . 2 Assault . | . . . . . . . . Garrison . | . . . . . . . . Intercept . | . . . . . . . . Searches Triggered . | . . . . . . . . Construction Impeded 1 | . . . . . . . 1 Haulers Reinforced . | . . . . . . . . Active Scanning Responses . | . . . . . . . . Cargo Convoy Interrupts . | . . . . . . . . Stealth | -11 -10 -10 -9 -9 -9 -8 -8 --------- Run | Yrd Mat Min Mat Min Exi Min Mat Distress Signals 6 | . 1 . 3 . . . 2 Communications Jammed . | . . . . . . . . Distress Signals . | . . . . . . . . Times Spotted 87 | . 11 16 8 4 1 19 28 Peak Tracking Total 11 | . 4 8 8 4 1 4 11 Tactical Retreats 10 | . 1 . . . . 2 7 Traps | -11 -10 -10 -9 -9 -9 -8 -8 ------- Run | Yrd Mat Min Mat Min Exi Min Mat Traps Triggered 1 | . 1 . . . . . . Indirectly . | . . . . . . . . Trap Hack Attempts . | . . . . . . . . Triggered . | . . . . . . . . Disarmed . | . . . . . . . . Reprogrammed . | . . . . . . . . Reused . | . . . . . . . . Traps Extracted . | . . . . . . . . Installed . | . . . . . . . . Triggered . | . . . . . . . . Machines | -11 -10 -10 -9 -9 -9 -8 -8 ---------- Run | Yrd Mat Min Mat Min Exi Min Mat Machines Disabled 5 | . 1 . . . . 1 3 Max in Single Turn 2 | . 1 . . . . 1 2 Machines Repaired . | . . . . . . . . Machines Dismantled . | . . . . . . . . Machines Sabotaged . | . . . . . . . . Overloaded Fab Kills . | . . . . . . . . Hacking | -11 -10 -10 -9 -9 -9 -8 -8 --------- Run | Yrd Mat Min Mat Min Exi Min Mat Machines Accessed 10 | . 3 1 2 . 2 . 2 Terminals 6 | . 1 1 2 . . . 2 Fabricators . | . . . . . . . . Repair Stations . | . . . . . . . . Recycling Units 2 | . 2 . . . . . . Scanalyzers . | . . . . . . . . Garrison Access . | . . . . . . . . Total Hacks 26 | . 5 3 8 . 3 . 7 Successful 19 | . 5 2 5 . 3 . 4 Failed 7 | . . 1 3 . . . 3 Catastrophic 2 | . . . . . . . 2 Database Lockouts . | . . . . . . . . Manual 14 | . 5 . 3 . 2 . 4 Terminals 21 | . 3 3 8 . . . 7 Fabricators . | . . . . . . . . Repair Stations . | . . . . . . . . Recycling Units 2 | . 2 . . . . . . Scanalyzers . | . . . . . . . . Garrison Access . | . . . . . . . . Terminal Hacks 10 | . . 2 3 . 3 . 2 Record 3 | . . . . . 2 . 1 Emergency Access Points 2 | . . . 1 . . . 1 Dispatch Records 1 | . . 1 . . . . . Recall Assault 1 | . . . 1 . . . . Zone Layout 2 | . . 1 1 . . . . Derelict Proto ID Bank 1 | . . . . . 1 . . Fabricator Hacks . | . . . . . . . . Repair Station Hacks . | . . . . . . . . Recycling Unit Hacks . | . . . . . . . . Scanalyzer . | . . . . . . . . Garrison Access Hacks . | . . . . . . . . Unauthorized Hacks 9 | . 5 . 2 . . . 2 Terminals 7 | . 3 . 2 . . . 2 Assimilate 1 | . 1 . . . . . . Botnet 3 | . 1 . 1 . . . 1 Operators 2 | . . . 1 . . . 1 Skim 1 | . 1 . . . . . . Fabricators . | . . . . . . . . Repair Stations . | . . . . . . . . Recycling Units 2 | . 2 . . . . . . Monitor 1 | . 1 . . . . . . Recyclers 1 | . 1 . . . . . . Scanalyzers . | . . . . . . . . Garrison Access . | . . . . . . . . Data Cores Recovered . | . . . . . . . . Used . | . . . . . . . . Hacking Detections 6 | . 1 1 2 . . . 2 Full Trace Events 4 | . 1 . 1 . . . 2 Feedback Events . | . . . . . . . . Feedback Blocked . | . . . . . . . . Robot Schematics Acquired . | . . . . . . . . Robots Built . | . . . . . . . . Authchips . | . . . . . . . . Time . | . . . . . . . . Total Robot Build Rating . | . . . . . . . . Part Schematics Acquired . | . . . . . . . . Parts Built . | . . . . . . . . Authchips . | . . . . . . . . Time . | . . . . . . . . Total Part Build Rating . | . . . . . . . . Parts Repaired . | . . . . . . . . Time . | . . . . . . . . Parts Recycled . | . . . . . . . . Recycled Matter . | . . . . . . . . Retrieved Matter . | . . . . . . . . Retrieved Components . | . . . . . . . . Parts Scanalyzed . | . . . . . . . . Part Schematics Acquired . | . . . . . . . . Parts Damaged . | . . . . . . . . Bothacking | -11 -10 -10 -9 -9 -9 -8 -8 ------------ Run | Yrd Mat Min Mat Min Exi Min Mat Used RIF Installer . | . . . . . . . . Robots Hacked 2 | . . . 1 1 . . . Non-combat 1 | . . . 1 . . . . Combat 1 | . . . . 1 . . . Robot Hacks Applied 2 | . . . 1 1 . . . parse_system 2 | . . . 1 1 . . . Relay Couplers Released . | . . . . . . . . Fabnet Peak Effective % . | . . . . . . . . Robots Rewired . | . . . . . . . . Allies Hacked . | . . . . . . . . Hacks Repelled . | . . . . . . . . Allies | -11 -10 -10 -9 -9 -9 -8 -8 -------- Run | Yrd Mat Min Mat Min Exi Min Mat Total Allies . | . . . . . . . . Largest Group . | . . . . . . . . Highest-Rated Group . | . . . . . . . . Highest-Rated Ally . | . . . . . . . . Total Orders . | . . . . . . . . Ally Attacks . | . . . . . . . . Total Damage . | . . . . . . . . Kills . | . . . . . . . . Allies Corrupted . | . . . . . . . . Allies Melted . | . . . . . . . . Intel | -11 -10 -10 -9 -9 -9 -8 -8 ------- Run | Yrd Mat Min Mat Min Exi Min Mat Robot Analysis Total . | . . . . . . . . Derelict Logs Recovered 2 | . . . . 2 . . . Drone Launches . | . . . . . . . . Drone Recoveries . | . . . . . . . . Exploration | -11 -10 -10 -9 -9 -9 -8 -8 ------------- Run | Yrd Mat Min Mat Min Exi Min Mat Turns Passed 3686 | 212 414 686 127 279 369 1145 454 Spaces Moved 3291 | 90 215 484 185 279 558 1095 385 Core 32 | 2 . . . . 2 . 28 Treads 495 | 88 215 180 . . . . 12 Legs 4 | . . . . . . . 4 Wheels 132 | . . 132 . . . . . Hover 6 | . . . 6 . . . . Flight 2622 | . . 172 179 279 556 1095 341 Fastest Speed 27 | 50 160 37 27 29 29 50 50 Average Speed 66 | 157 160 119 31 29 41 50 54 Slowest Speed 600 | 160 160 600 120 29 100 50 145 Overloaded Moves . | . . . . . . . . Propulsion Burnouts . | . . . . . . . . Robots Hopped 5 | . . . . . . 5 . Cave-ins Triggered . | . . . . . . . . Exploration Rate (%) 55 | 5 41 99 17 56 91 104 28 Regions Visited 7 Branch Regions 4 Pre-discovered Areas 1 | . . 1 . . . . . Known Exits Taken . | . . . . . . . . Unknown Exits Taken 7 | 1 1 1 1 1 1 1 . Scrap Searched 4 | . . 1 . 2 . 1 . Spaces Dug 152 | . . . . . . 104 48 Terrain Destroyed 596 | . . 23 18 . 1 393 161 Melee . | . . . . . . . . Projectile 24 | . . . . . . 16 8 AOE 572 | . . 23 18 . 1 377 153 Terrain Rammed . | . . . . . . . . Walls Destroyed . | . . . . . . . . Machines Disabled . | . . . . . . . . Actions | -11 -10 -10 -9 -9 -9 -8 -8 --------- Run | Yrd Mat Min Mat Min Exi Min Mat Total 4489 | 132 250 550 245 469 694 1614 535 Wait 918 | . 1 11 22 175 122 494 93 Move 3274 | 89 214 483 184 278 557 1084 385 Hop 5 | . . . . . . 5 . Pick Up 28 | 9 5 6 3 1 1 2 1 Fast Attach 39 | 6 4 5 9 2 2 . 11 Attach 9 | 1 . 3 1 . 1 . 3 Detach 4 | . 1 1 1 . . . 1 Swap 14 | 1 1 5 3 1 . 3 . Drop 44 | 2 4 11 11 3 9 2 2 Fire 128 | 24 20 25 8 8 2 24 17 Melee 26 | . . . 3 1 . . 22 Ram . | . . . . . . . . Kick . | . . . . . . . . Crush . | . . . . . . . . Escape Stasis . | . . . . . . . . Rewire . | . . . . . . . . Trap . | . . . . . . . . Miscellaneous . | . . . . . . . . Route ------- -11/Scrapyard -10/Materials -10/Mines (discovered 2 exits: *Mat x2) -9/Materials -9/Mines -9/Exiles (discovered 2 exits: [*Min x2]) -8/Mines (discovered 2 exits: *Mat x2) -8/Materials History --------- Turn | Location | Event 15 | -11/Scrapyard | Discovered new exit (range 14) 213 | -11/Scrapyard | Entered Materials 335 | -10/Materials | Build established: Mutant 503 | -10/Materials | Discovered new exit (range 10) 627 | -10/Materials | Entered Mines 737 | -10/Mines | Found a damaged Exp. Sensor Array with a note attached 740 | -10/Mines | Found Prototype Device 792 | -10/Mines | Assembled infested the area 797 | -10/Mines | Assisted by a Guerilla fighting off Assembled 826 | -10/Mines | Destroyed 7 combat bots 882 | -10/Mines | Lost 3 parts (1p1n1u) 1119 | -10/Mines | Discovered new exit (range 15) 1249 | -10/Mines | Identified Exp. Sensor Array 1300 | -10/Mines | Received a Rocket Launcher from a helpful Derelict 1310 | -10/Mines | Learned location of Storage (-8) 1310 | -10/Mines | Discovered new exit (range 5) 1313 | -10/Mines | Entered Materials 1313 | -9/Materials | Evolved 2 slots: Propulsion x2 1415 | -9/Materials | Discovered new exit (range 16) 1440 | -9/Materials | Entered Mines 1445 | -9/Mines | Met a Derelict bent on vengeance 1485 | -9/Mines | Learned Materials security intel 1498 | -9/Mines | Learned location of 1 exit from Proximity Caves 1602 | -9/Mines | Build established: Sprinter 1718 | -9/Mines | Deemed a non-threat by the Exiles lab entrance 1718 | -9/Mines | Discovered new exit (range 5) 1719 | -9/Mines | Entered Exiles 1724 | -9/Exiles | Discovered new exit (range 15) 1728 | -9/Exiles | Met 8R-AWN 1732 | -9/Exiles | Met EX-HEX 1748 | -9/Exiles | Met EX-DEC 1766 | -9/Exiles | Met EX-BIN 1770 | -9/Exiles | Aligned with FarCom system 1770 | -9/Exiles | Given EX-Vault access code 1788 | -9/Exiles | Opened EX-Vault 1793 | -9/Exiles | Found Flying Fortress v7 1797 | -9/Exiles | Found YOLO Cannon 1813 | -9/Exiles | Warned to stay clear of 0b10 Research branches 1816 | -9/Exiles | Exiles lab attacked by MAIN.C 1962 | -9/Exiles | Discovered new exit (range 14) 2088 | -9/Exiles | Stole two prototypes: Flying Fortress v7, YOLO Cannon 2088 | -9/Exiles | Entered Mines 2438 | -8/Mines | Build established: Mutant 2985 | -8/Mines | Discovered new exit (range 10) 3025 | -8/Mines | Discovered new exit (range 15) 3233 | -8/Mines | Entered Materials 3233 | -8/Materials | Evolved 2 slots: Utility x2 3572 | -8/Materials | Released all parts (6) 3638 | -8/Materials | Core integrity fell below 50% 3678 | -8/Materials | Core integrity fell below 20% 3687 | -8/Materials | Self-destructed Last Messages --------------- effect. 03658_ Mace follow-up attack on G-47 Trooper. 03658_ G-47 Trooper suffers critical hit (Smash). 03658_ Destroyed Lgt. Nuclear Core. 03658_ G-47 Trooper system corrupted by crushing effect. 03659_ G-47 Trooper system terminally corrupted. 03659_ Aluminum Leg fried. 03659_ Unknown Energy Gun fried. 03659_ Aluminum Leg fried. 03660_ Aluminum Leg destroyed. 03662_ Acquired Aluminum Leg. 03664_ Acquired 36 matter. 03670_ Destroyed Heat Sink. 03670_ Y-45 Defender system corrupted by crushing effect. 03674_ Mace destroyed. 03679_ Critical hit (Burn: +37). 03680_ Y-45 Defender misfires. Map ----- +----------------------------------------------------+ | | | | | | | | | | | | | ?????????????????????????????????????????????????? | | ?????????????????????????????????????????????????? | | ?????????????????????????????????????????????????? | | ?????????????????????????????????????????????????? | | ?????????????????????????????????????????????????? | | ?????????????????????????????????????????????????? | | ?????????????????????????????????????????????????? | | ?????????????????????????????????????????????????? | | ?????????????????????????????????????????????????? | | ?????????????????????????????????????????????????? | | ?????????????????????????????????????????????????? | | ?????????????????????????????????????????????????? | | ?????????????????????????????????????????????????? | | ????????????????????????????????????????????????## | | ????????????????????????????????????????????????# | | ??????????????????????????????###???????????????# | | ??????????????????????????##### ###########??#### | | ??????????????????????????# # ####""" | | ????????????????????####### """ # | | ????????????????????#%g @Y% "" # * | | ????????????????????# ##### g """ # | | ????????????????????# #???# !! # ###""""" | | ????????????????????# #???# ! [## ## | | ??????????????####### #???# ! ## "# | | ??????????????# # #???# #" "" | | ?????????????## #####/############+## *"" = !! | | ?????????????# # # %!" [! | | ?????????????# #] # =*" ! | | ?????????????# # " # %* " | | ?????????????## # # ##"### " ] | | ??????????????### % # #] [ ="# | | ???????????????## % # # ######+## | | ????????????????###""##"""#+### + "" #??# | | ??############### ! % # """ #??# | | ??# ]! # S" ##?# | | % # ! #?# | | ############"" "["###########+########## | | ????????????## * ######### | | / ??????????????# =%[ " # | | ????????????????# ! " """ #" | | ?????????????????# " """ #T """ | | ??????????????????# """ #" """ | | ????????????????????# = " """ / """ | | ????????????????????# ! = """ # | +----------------------------------------------------+ Best States ------------- Heat Dissipation 50 Energy Generation 18 Energy Capacity 265 Matter Stores 300 Matter Capacity 300 Sight Range 18 Robot Scan Range 20 Terrain Scan Density 110 Armor Coverage 225 Evasion (%) 64 Recoil Reduction 2 Offensive Hacking 10 Item Schematics ----------------- None Robot Schematics ------------------ None Fabricated ------------ Nothing Alien Tech Used ----------------- None Achievements -------------- None Challenges ------------ None Game ------ Seed SiegeMiningFemtoactuators Manual? 0 Play Time 00:53:58 Cumulative 43.8 hours Start 2024.11.13 @ 08:05:10 End 2024.11.13 @ 08:58:27 Sessions 1 Manual Loads 0 Difficulty Rogue Special Mode None Game No. 29 Rogue 29 Adventurer 0 Explorer 0 Win Type - Total 0 Types 0/0/0/0/0/0/0/0/0 Lore% 30 Gallery% 34 Achievement% 28 Wizard Run 0 Options --------- Layout 2 ASCII 0 Keyboard 0 Movement Mouse Keybinds 0 Fullscreen 1 Font 24/Smallcaps Map View 50x44 Zoom Use 0% Tactical HUD 1 Map Filters NONE Filters NONE Steam 1 RUN: 892b8761-9305-48d4-8f8c-4ff298eabaef